 Dungeon Crawl Stone Soup version 0.29.1-15-g9cfb28693d (webtiles) character file.

Game seed: 3482078835205890276

16 CheeseBurger the Chopper (level 2, 0/17 HPs)
             Began as a Gargoyle Gladiator on Apr 20, 2023.
             Slain by a worm (3 damage)
             ... on level 2 of the Dungeon.
             The game lasted 00:06:55 (342 turns).

CheeseBurger the Chopper (Gargoyle Gladiator)        Turns: 342, Time: 00:06:56

Health: 0/17       AC:  6    Str: 17    XL:     2   Next: 58%
Magic:  2/2        EV: 12    Int:  8    God:
Gold:   33         SH:  0    Dex: 11    Spells: 1/1 levels left

rFire   . . .      SeeInvis .   a - +0 war axe
rCold   . . .      Faith    .   (no shield)
rNeg    + . .      Spirit   .   b - +0 leather armour
rPois   ∞          Reflect  .   c - +0 helmet
rElec   +          Harm     .   (no cloak)
rCorr   .          Rampage  .   (no gloves)
Will    .....                   (no boots)
Stlth   +.........              (no amulet)
HPRegen 0.05/turn               (no ring)
MPRegen 0.08/turn               (no ring)

@: no status effects
A: sickness immunity, AC +2, negative energy resistance 1, electricity
resistance, torment resistance 1, petrification resistance
a: no special abilities


You were on level 2 of the Dungeon.
You visited 1 branch of the dungeon, and saw 2 of its levels.

You collected 33 gold pieces.

Inventory:

Hand Weapons
 a - a +0 war axe (weapon)
 j - a +0 hand axe
Missiles
 d - 3 throwing nets
 e - a javelin
 g - 7 stones (quivered)
Armour
 b - a +0 leather armour (worn)
 c - a +0 helmet (worn)
 i - +0 fire dragon scales
 k - a +0 robe
Scrolls
 f - a scroll of poison {unknown}
Potions
 h - a potion of curing {unknown}


   Skills:
 + Level 2.2 Fighting
 + Level 3.1 Axes
 + Level 1.8 Throwing
 + Level 0.3 Armour
 + Level 2.6 Dodging


You had one spell level left.
You didn't know any spells.
Your spell library was empty.

Dungeon Overview and Level Annotations

Branches:
Dungeon (2/15)

Altars:


Innate Abilities, Weirdness & Mutations

You are immune to sickness and miasma.
Your stone body is resilient. (AC +2)
You are immune to poison.
You resist negative energy. (rN+)
You are resistant to electric shocks. (rElec)
You are resistant to unholy torment.
You are immune to petrification.


Message History

The adder closely misses you. The rat barely misses you.
You closely miss the adder.
The adder is severely wounded.
You hit the rat.
You kill the rat!
The adder bites you but does no damage. The adder completely misses you.
You hit the adder.
You kill the adder!
Your Axes skill increases to level 3!
You see here an adder corpse.
HP restored.
Found a dagger.
A worm comes into view.
There are no items here.
Okay, then.
The worm barely misses you.
You slash the worm! Your punch misses the worm.
The worm is heavily wounded.
The worm misses you.
You barely miss the worm.
The worm is heavily wounded.
The worm bites you.
You hit the worm.
The worm is heavily wounded.
You hit the worm.
The worm is severely wounded.
The worm bites you!
* * * LOW HITPOINT WARNING * * *
You hit the worm.
The worm is severely wounded.
The worm barely misses you.
You barely miss the worm.
The worm is severely wounded.
You barely miss the worm.
The worm is severely wounded.
The worm barely misses you.
You hit the worm.
The worm is severely wounded.
The worm bites you.
You die...

.####.#.....# .#
#.#.#.### .#
#.#.#.# .#
#.#.#.# .# #.#
#.# #.......#.#
.###.#.#.# ..
#.##############
###
#.......@w......
#.##############
###


You could see a worm.

Vanquished Creatures
  An adder (D:2)
  2 ball pythons (D:1)
  A giant cockroach (D:1)
  A goblin (D:1)
  A kobold (D:1)
  3 rats
9 creatures vanquished.

Notes
Turn   | Place    | Note
-------+----------+-------------------------------------------
     0 | D:1      | CheeseBurger the Gargoyle Gladiator began the quest for the
                  | Orb.
     0 | D:1      | Reached XP level 1. HP: 12/12 MP: 1/1
   226 | D:1      | Reached XP level 2. HP: 17/17 MP: 2/2
   271 | D:2      | Reached skill level 3 in Axes
   342 | D:2      | Slain by a worm

Illustrated notes

Levels and vault maps discovered:
D:1:      onia_arrival_pyramid, layout_rooms, chequers_ecumenical_altar_simple,
          fountainhead, kennysheep_small_spiral
D:2:      layout_basic, serial_shops, shop, nicolae_shop_stone,
          kennysheep_another_room

Skill      XL: |  1  2 |
---------------+-------+-----
Axes           | 3 |  3.1
Fighting       | |  2.2
Throwing       | |  1.8
Armour         | |  0.3
Dodging        | |  2.6

Action                   || total
-------------------------++-------
Melee: War axe           ||    27
       Punch             ||     1
Armor: Leather armour    ||    11
Dodge: Dodged            ||    23
